TOP OF THE 1ST |
Reno Aces batting - Pitching for Syracuse Chiefs : RHP Cory Jones
|
Pitching: RHP Cory Jones
|
|
Batting: SHB Carlos Rodriguez
|
0-0: Foul Ball, location: 2F 0-1: Fly out, F4 (Line Drive, 4M, EV 66.2 MPH)
|
Batting: LHB Jeff Densmore
|
0-0: Called Strike 0-1: Foul Ball, location: 2F 0-2: Strikes out swinging
|
Batting: LHB Kevin Ferguson
|
0-0: Foul Ball, location: 2F 0-1: Foul Ball, location: 2F 0-2: Foul Ball, location: 2F 0-2: Strikes out swinging
|
Top of the 1st over - 0 runs, 0 hits, 0 errors, 0 left on base; Reno 0 - Syracuse 0 |
BOTTOM OF THE 1ST |
Syracuse Chiefs batting - Pitching for Reno Aces : RHP Takaaki Nakada
|
Pitching: RHP Takaaki Nakada
|
|
Batting: RHB Dusty Ballard
|
0-0: Ground out 5-3 (Groundball, 56, EV 95.0 MPH)
|
Batting: LHB Alexis Cantu
|
0-0: Ball 1-0: Called Strike 1-1: Foul Ball, location: 2F 1-2: Ball 2-2: Ball 3-2: Foul Ball, location: 2F 3-2: Fly out, F9 (Flyball, 9D, EV 88.1 MPH)
|
Batting: LHB Jae-ik Soung
|
0-0: Called Strike 0-1: Called Strike 0-2: Strikes out swinging
|
Bottom of the 1st over - 0 runs, 0 hits, 0 errors, 0 left on base; Reno 0 - Syracuse 0 |
TOP OF THE 2ND |
Reno Aces batting - Pitching for Syracuse Chiefs : RHP Cory Jones
|
Batting: LHB Steve Reinhart
|
0-0: Ball 1-0: Ball 2-0: Ball 3-0: Base on Balls
|
Batting: RHB Justin McQuarter
|
0-0: Ball 1-0: Ball 2-0: 2-RUN HOME RUN (Flyball, 9D, EV 96.9 MPH), Distance : 373 ft
|
Batting: RHB Roberto Rodriguez
|
0-0: Reached on error, E6 (Groundball, 6S, EV 86.9 MPH)
|
Batting: RHB Danny Gerardo
|
0-0: Ball 1-0: Ball 2-0: Reached via error on a dropped throw from SS, E3 (Groundball, 6, EV 98.8 MPH) Roberto Rodriguez to third
|
Batting: RHB Jonathan Lugo
|
0-0: Ball 1-0: Called Strike 1-1: SINGLE (Flyball, 78S, EV 93.8 MPH) Roberto Rodriguez scores Danny Gerardo to second
|
Batting: LHB Jeff Harmon
|
0-0: Called Strike 0-1: Swinging Strike 0-2: Grounds into double play, 6-4-3 (Groundball, 6, EV 85.6 MPH) Danny Gerardo to third
|
Batting: SHB Carlos Rodriguez
|
0-0: Called Strike 0-1: Ball 1-1: Ball 2-1: Foul Ball, location: 2F 2-2: Foul Ball, location: 2F 2-2: SINGLE (Groundball, 4MD, EV 103.8 MPH) Danny Gerardo scores
|
Batting: LHB Jeff Densmore
|
0-0: Ball 1-0: Called Strike 1-1: Called Strike Carlos Rodriguez is caught stealing 2nd base 2-6
|
Top of the 2nd over - 4 runs, 3 hits, 2 errors, 0 left on base; Reno 4 - Syracuse 0 |
BOTTOM OF THE 2ND |
Syracuse Chiefs batting - Pitching for Reno Aces : RHP Takaaki Nakada
|
Batting: LHB Doug Anderson
|
0-0: Called Strike 0-1: Ball 1-1: Ball 2-1: Foul Ball, location: 2F 2-2: Ball 3-2: Base on Balls
|
Batting: RHB Nate Dickinson
|
0-0: Called Strike 0-1: Fly out, F8 (Flyball, 8LM, EV 75.6 MPH)
|
Batting: RHB Jim Miske
|
0-0: Called Strike 0-1: Ball 1-1: Swinging Strike 1-2: Ball 2-2: Foul Ball, location: 2F 2-2: Ball 3-2: Base on Balls Doug Anderson to second
|
Batting: RHB Gabe Almazan
|
0-0: Ball 1-0: Fielders Choice at 2nd, 6-4 (Groundball, 6, EV 83.8 MPH) Doug Anderson to third
|
Batting: LHB Evan Oliveri
|
0-0: Fly out, F8 (Line Drive, 78M, EV 90.0 MPH)
|
Bottom of the 2nd over - 0 runs, 0 hits, 0 errors, 2 left on base; Reno 4 - Syracuse 0 |
TOP OF THE 3RD |
Reno Aces batting - Pitching for Syracuse Chiefs : RHP Cory Jones
|
Batting: LHB Jeff Densmore
|
0-0: Called Strike 0-1: Ball 1-1: Swinging Strike 1-2: Foul Ball, location: 2F 1-2: Foul Ball, location: 2F 1-2: Fly out, F1 (Line Drive, P, EV 65.6 MPH)
|
Batting: LHB Kevin Ferguson
|
0-0: Ball 1-0: Swinging Strike 1-1: Ball 2-1: Ground out U3 (Groundball, 3, EV 83.1 MPH)
|
Batting: LHB Steve Reinhart
|
0-0: Ground out 3-1 (Groundball, 34S, EV 90.0 MPH)
|
Top of the 3rd over - 0 runs, 0 hits, 0 errors, 0 left on base; Reno 4 - Syracuse 0 |
BOTTOM OF THE 3RD |
Syracuse Chiefs batting - Pitching for Reno Aces : RHP Takaaki Nakada
|
Batting: RHB Rafael Medina
|
0-0: Swinging Strike 0-1: Foul Ball, location: 2F 0-2: Foul Ball, location: 2F 0-2: Ball 1-2: Strikes out swinging
|
Batting: RHB Dusty Ballard
|
0-0: Called Strike 0-1: Foul Ball, location: 2F 0-2: Ground out 4-3 (Groundball, 4, EV 100.6 MPH)
|
Batting: LHB Alexis Cantu
|
0-0: Called Strike 0-1: Foul Ball, location: 2F 0-2: Ball 1-2: Fly out, F8 (Line Drive, 8LD, EV 99.4 MPH)
|
Bottom of the 3rd over - 0 runs, 0 hits, 0 errors, 0 left on base; Reno 4 - Syracuse 0 |
TOP OF THE 4TH |
Reno Aces batting - Pitching for Syracuse Chiefs : RHP Cory Jones
|
Batting: RHB Justin McQuarter
|
0-0: Ball 1-0: Foul Ball, location: 2F 1-1: Ball 2-1: Foul Ball, location: 2F 2-2: Strikes out looking
|
Batting: RHB Roberto Rodriguez
|
0-0: Called Strike 0-1: SINGLE (Groundball, 6D, EV 103.1 MPH)
|
Batting: RHB Danny Gerardo
|
0-0: Foul Ball, location: 2F 0-1: Ball 1-1: Ball 2-1: Called Strike 2-2: Foul Ball, location: 2F 2-2: Ball 3-2: Base on Balls Roberto Rodriguez to second
|
Batting: RHB Jonathan Lugo
|
0-0: Ball 1-0: Ball 2-0: Called Strike 2-1: Called Strike 2-2: SINGLE (Groundball, P, EV 92.5 MPH) (infield hit) Roberto Rodriguez to third Danny Gerardo to second
|
Batting: LHB Jeff Harmon
|
0-0: Ball 1-0: Ball 2-0: Swinging Strike 2-1: Swinging Strike 2-2: Strikes out swinging
|
Batting: SHB Carlos Rodriguez
|
0-0: Fielders Choice at 2nd, U4 (Groundball, 4M, EV 86.9 MPH)
|
Top of the 4th over - 0 runs, 2 hits, 0 errors, 3 left on base; Reno 4 - Syracuse 0 |
BOTTOM OF THE 4TH |
Syracuse Chiefs batting - Pitching for Reno Aces : RHP Takaaki Nakada
|
Batting: LHB Jae-ik Soung
|
0-0: Called Strike 0-1: Ball 1-1: Ball 2-1: Ground out 6-3 (Groundball, 6, EV 88.8 MPH)
|
Batting: LHB Doug Anderson
|
0-0: Swinging Strike 0-1: Ball 1-1: Ball 2-1: Fly out, F9 (Flyball, 9, EV 76.9 MPH)
|
Batting: RHB Nate Dickinson
|
0-0: Ball 1-0: Ground out 4-3 (Groundball, 4, EV 103.8 MPH)
|
Bottom of the 4th over - 0 runs, 0 hits, 0 errors, 0 left on base; Reno 4 - Syracuse 0 |
TOP OF THE 5TH |
Reno Aces batting - Pitching for Syracuse Chiefs : RHP Cory Jones
|
Batting: LHB Jeff Densmore
|
0-0: Ball 1-0: Ball 2-0: Called Strike 2-1: Ball 3-1: Foul Ball, location: 2F 3-2: Foul Ball, location: 2F 3-2: SINGLE (Groundball, 4M, EV 90.0 MPH) (infield hit)
|
Batting: LHB Kevin Ferguson
|
0-0: Called Strike Jeff Densmore steals 2nd, throwing error, E2 Jeff Densmore to third 0-1: Ball 1-1: Ball 2-1: Swinging Strike 2-2: Fly out, F9 (Flyball, 9D, EV 76.2 MPH) Runner from 3rd tags up, OUT at HOME! 9-2
|
Batting: LHB Steve Reinhart
|
0-0: Called Strike 0-1: SINGLE (Groundball, 25, EV 72.5 MPH) (infield hit)
|
Batting: RHB Justin McQuarter
|
0-0: Ground out 1-3 (Groundball, 13S, EV 68.1 MPH)
|
Top of the 5th over - 0 runs, 2 hits, 1 error, 1 left on base; Reno 4 - Syracuse 0 |
BOTTOM OF THE 5TH |
Syracuse Chiefs batting - Pitching for Reno Aces : RHP Takaaki Nakada
|
Batting: RHB Jim Miske
|
0-0: Ball 1-0: Called Strike 1-1: Called Strike 1-2: Ball 2-2: Ball 3-2: Ground out 1-3 (Groundball, P, EV 71.2 MPH)
|
Batting: RHB Gabe Almazan
|
0-0: Called Strike 0-1: Swinging Strike 0-2: SINGLE (Groundball, 56S, EV 67.5 MPH) (infield hit)
|
Batting: LHB Evan Oliveri
|
0-0: Called Strike Gabe Almazan is caught stealing 2nd base 2-6 0-1: Foul Ball, location: 2F 0-2: Ball 1-2: Ball 2-2: Foul Ball, location: 2F 2-2: Strikes out swinging
|
Bottom of the 5th over - 0 runs, 1 hit, 0 errors, 0 left on base; Reno 4 - Syracuse 0 |
TOP OF THE 6TH |
Reno Aces batting - Pitching for Syracuse Chiefs : RHP Cory Jones
|
Batting: RHB Roberto Rodriguez
|
0-0: Called Strike 0-1: Ball 1-1: Ball 2-1: Ball 3-1: SINGLE (Groundball, 3S, EV 100.0 MPH)
|
Batting: RHB Danny Gerardo
|
0-0: Ball 1-0: Ball Roberto Rodriguez is caught stealing 2nd base 2-4 2-0: Ball 3-0: Called Strike 3-1: Called Strike 3-2: Ground out 6-3 (Groundball, 56, EV 96.9 MPH)
|
Batting: RHB Jonathan Lugo
|
0-0: Fly out, F6 (Popup, 6M, EV 54.4 MPH)
|
Top of the 6th over - 0 runs, 1 hit, 0 errors, 0 left on base; Reno 4 - Syracuse 0 |
BOTTOM OF THE 6TH |
Syracuse Chiefs batting - Pitching for Reno Aces : RHP Takaaki Nakada
|
Batting: RHB Rafael Medina
|
0-0: Ball 1-0: Swinging Strike 1-1: Swinging Strike 1-2: Foul Ball, location: 2F 1-2: Foul Ball, location: 2F 1-2: Strikes out swinging
|
Batting: RHB Dusty Ballard
|
0-0: Fly out, F7 (Flyball, 7, EV 93.1 MPH)
|
Batting: LHB Alexis Cantu
|
0-0: Foul Ball, location: 2F 0-1: Ground out 5-3 (Groundball, 5, EV 106.2 MPH)
|
Bottom of the 6th over - 0 runs, 0 hits, 0 errors, 0 left on base; Reno 4 - Syracuse 0 |
TOP OF THE 7TH |
Reno Aces batting - Pitching for Syracuse Chiefs : RHP Cory Jones
|
Batting: LHB Jeff Harmon
|
0-0: Called Strike 0-1: Ball 1-1: Ball 2-1: Foul Ball, location: 2F 2-2: Foul Ball, location: 2F 2-2: Ball 3-2: Base on Balls
|
Pitching: LHP Jose Torres
|
|
Batting: SHB Carlos Rodriguez
|
0-0: Ball 1-0: Ball 2-0: Bunt missed! 2-1: Sac Bunt to 2L - play at first, batter OUT! 2-4 Jeff Harmon to second
|
Batting: LHB Jeff Densmore
|
0-0: Ground out U3 (Groundball, 13, EV 93.1 MPH) Jeff Harmon to third
|
Batting: LHB Kevin Ferguson
|
0-0: Ball 1-0: Ball 2-0: Ball 3-0: Called Strike 3-1: Fly out, F8 (Flyball, 8RD, EV 106.9 MPH)
|
Top of the 7th over - 0 runs, 0 hits, 0 errors, 1 left on base; Reno 4 - Syracuse 0 |
BOTTOM OF THE 7TH |
Syracuse Chiefs batting - Pitching for Reno Aces : RHP Takaaki Nakada
|
Batting: LHB Jae-ik Soung
|
0-0: Foul Ball, location: 2F 0-1: Foul Ball, location: 2F 0-2: Ground out 5-3 (Groundball, 56, EV 83.1 MPH)
|
Batting: LHB Doug Anderson
|
0-0: Called Strike 0-1: Foul Ball, location: 2F 0-2: Ball 1-2: Ground out 1-3 (Groundball, 13S, EV 71.2 MPH)
|
Batting: RHB Nate Dickinson
|
0-0: Ball 1-0: Called Strike 1-1: Ball 2-1: Foul Ball, location: 2F 2-2: Ground out 6-3 (Groundball, 6MD, EV 101.9 MPH)
|
Bottom of the 7th over - 0 runs, 0 hits, 0 errors, 0 left on base; Reno 4 - Syracuse 0 |
TOP OF THE 8TH |
Reno Aces batting - Pitching for Syracuse Chiefs : LHP Jose Torres
|
Pitching: LHP Mike Alcaraz
|
|
Batting: LHB Steve Reinhart
|
0-0: Ball 1-0: Called Strike 1-1: Ball 2-1: Fly out, F7 (Line Drive, 7D, EV 104.4 MPH)
|
Batting: RHB Justin McQuarter
|
0-0: Ball 1-0: Called Strike 1-1: Fly out, F8 (Flyball, 8RM, EV 84.4 MPH)
|
Batting: RHB Roberto Rodriguez
|
0-0: Called Strike 0-1: DOUBLE (Line Drive, 78M, EV 106.2 MPH)
|
Batting: RHB Danny Gerardo
|
0-0: Called Strike 0-1: Called Strike 0-2: Strikes out swinging
|
Top of the 8th over - 0 runs, 1 hit, 0 errors, 1 left on base; Reno 4 - Syracuse 0 |
BOTTOM OF THE 8TH |
Syracuse Chiefs batting - Pitching for Reno Aces : RHP Takaaki Nakada
|
Batting: RHB Jim Miske
|
0-0: Called Strike 0-1: Ball 1-1: Ball 2-1: Ball 3-1: SINGLE (Groundball, 56S, EV 61.9 MPH) (infield hit)
|
Pitching: RHP Nick Burcham
|
|
Batting: RHB Gabe Almazan
|
0-0: Ball 1-0: Fielders Choice at 2nd, 1-4 (Groundball, 15, EV 66.9 MPH)
|
Batting: LHB Evan Oliveri
|
0-0: Called Strike 0-1: Fly out, F9 (Flyball, 9LM, EV 103.1 MPH)
|
Batting: RHB Rafael Medina
|
0-0: Ground out 5-3 (Groundball, 25, EV 83.8 MPH)
|
Bottom of the 8th over - 0 runs, 1 hit, 0 errors, 1 left on base; Reno 4 - Syracuse 0 |
TOP OF THE 9TH |
Reno Aces batting - Pitching for Syracuse Chiefs : LHP Mike Alcaraz
|
Pitching: RHP Sean Rice
|
|
Batting: RHB Jonathan Lugo
|
0-0: Swinging Strike 0-1: Foul Ball, location: 2F 0-2: Strikes out swinging
|
Batting: LHB Jeff Harmon
|
0-0: Swinging Strike 0-1: Swinging Strike 0-2: Ball 1-2: Strikes out swinging
|
Batting: SHB Carlos Rodriguez
|
0-0: Called Strike 0-1: Ball 1-1: Ball 2-1: Foul Ball, location: 2F 2-2: Strikes out swinging
|
Top of the 9th over - 0 runs, 0 hits, 0 errors, 0 left on base; Reno 4 - Syracuse 0 |
BOTTOM OF THE 9TH |
Syracuse Chiefs batting - Pitching for Reno Aces : RHP Nick Burcham
|
Batting: RHB Dusty Ballard
|
0-0: Ball 1-0: Foul Ball, location: 2F 1-1: Fly out, F9 (Flyball, 9LM, EV 86.2 MPH)
|
Batting: LHB Alexis Cantu
|
0-0: SINGLE (Groundball, 56D, EV 104.4 MPH)
|
Batting: LHB Jae-ik Soung
|
0-0: Ball 1-0: SINGLE (Groundball, 34D, EV 85.6 MPH) (infield hit) Alexis Cantu to second
|
Pitching: RHP Mike Osgood
|
|
Batting: LHB Doug Anderson
|
0-0: Foul Ball, location: 2F 0-1: Ball 1-1: Swinging Strike 1-2: Ball 2-2: Ball 3-2: Strikes out looking
|
Batting: RHB Nate Dickinson
|
0-0: Fly out, F3 (Popup, 3SF, EV 80.6 MPH)
|
Bottom of the 9th over - 0 runs, 2 hits, 0 errors, 2 left on base; Reno 4 - Syracuse 0 |
|